 Dungeon Crawl Stone Soup version 0.31.0-12-g77e489cdc1 (webtiles) character file.

Game seed: 11731315915938759659

76 LabCoat the Trooper (level 4, -3/40 HPs)
             Began as a Hill Orc Fighter on Feb 12, 2024.
             Slain by Sigmund
             ... wielding a +0 scythe
              (6 damage)
             ... on level 2 of the Dungeon.
             The game lasted 00:03:39 (715 turns).

LabCoat the Trooper (Hill Orc Fighter)               Turns: 715, Time: 00:03:40

Health: -3/40      AC:  6    Str: 20    XL:     4   Next: 32%
Magic:  4/4        EV:  9    Int:  8    God:
Gold:   44         SH:  4    Dex: 10    Spells: 3/3 levels left

rFire   . . .        a - +0 war axe
rCold   . . .        c - +0 buckler
rNeg    . . .        b - +0 scale mail
rPois   .            (no helmet)
rElec   .            (no cloak)
rCorr   .            (no gloves)
SInv    .            (no boots)
Will    .....        (no amulet) Stlth
                     (no ring)
HPRegen 0.26/turn    (no ring)
MPRegen 0.09/turn

%: no passive effects
@: no status effects
A: no striking features
a: no special abilities


You were on level 2 of the Dungeon.
You visited 1 branch of the dungeon, and saw 2 of its levels.

You collected 44 gold pieces.

Inventory:

Hand Weapons
 a - a +0 war axe (weapon)
Missiles
 g - 2 javelins (quivered)
Armour
 b - a +0 scale mail (worn)
 c - a +0 buckler (worn)
Scrolls
 e - a scroll of poison {unknown}
 f - a scroll of enchant weapon {unknown}
Potions
 d - a potion of might


   Skills:
 * Level 4.2 Fighting
 * Level 3.7 Axes
 + Level 0.7 Throwing
 * Level 3.6 Armour
 + Level 0.3 Dodging
 + Level 3.6 Shields
 * Level 1.3 Evocations


You had 3 spell levels left.
You didn't know any spells.
Your spell library was empty.

Dungeon Overview and Level Annotations

Branches:
Dungeon (2/15)

Altars:

Shops:
D:1 :

Annotations:
D:2 Sigmund


Message History

Unknown command.
You barely miss the gnoll.
The gnoll is lightly wounded.
You hit the gnoll.
You kill the gnoll!
You closely miss the frilled lizard. The frilled lizard closely misses you.
The gnoll hits you with a +0 club.
* * * LOW HITPOINT WARNING * * *
The quokka bites you but does no damage.
The gnoll hits you with a +0 club.
* * * LOW HITPOINT WARNING * * *
Sigmund barely misses you. The frilled lizard barely misses you.
The endoplasm barely misses you.
You closely miss the gnoll.
The gnoll is lightly wounded.
You closely miss the quokka. You slash the endoplasm!
You kill the endoplasm!
You miss the frilled lizard. The quokka misses you.
The frilled lizard closely misses you.
A gnoll comes into view. It is wielding a +0 club.
The gnoll completely misses you.
Sigmund gestures wildly while chanting.
Sigmund flickers and vanishes!
Deactivating autopickup; reactivate with Ctrl-A.
You barely miss the gnoll.
The gnoll is lightly wounded.
The gnoll shouts!
You hit the frilled lizard.
You kill the frilled lizard!
You miss the quokka. The quokka closely misses you.
You block the gnoll's attack. The quokka bites you.
* * * LOW HITPOINT WARNING * * *
Something hits you but does no damage.
You slash the gnoll!
You kill the gnoll!
You closely miss the quokka. The quokka bites you.
* * * LOW HITPOINT WARNING * * *
A ribbon worm comes into view.
The quokka closely misses you. Something hits you.
You die...

##...## ##...##.
##.....###....?##
#.......#...[...#
#.......#....[..#
#.......#.......#
##.....###.....##
##...## ##...##.
###(#######'#######'###.
w!...{g@.....†..........
......)r...............#
.....).............[...#
###+#######'#######'####
##...## ##)..##
##.....###.....##
#.......#.......#
#.......#....[..#
#.......#...)...#


You could see a ribbon worm (wandering), a gnoll and a quokka.

Vanquished Creatures
  3 gnolls (D:2)
  An adder (D:2)
  2 dart slugs (D:1)
  2 ribbon worms (D:2)
  5 bats
  5 endoplasms
  3 hobgoblins
  3 kobolds (D:1)
  2 quokkas (D:1)
  5 ball pythons (D:1)
  6 frilled lizards
  2 goblins
  3 rats (D:1)
42 creatures vanquished.

Notes
Turn   | Place    | Note
-------+----------+-------------------------------------------
     0 | D:1      | LabCoat the Hill Orc Fighter began the quest for the Orb.
     0 | D:1      | Reached XP level 1. HP: 19/19 MP: 1/1
    49 | D:1      | Found a faded altar of an unknown god.
    51 | D:1      | Found Teos's Vocational Training.
    57 | D:1      | Reached XP level 2. HP: 27/27 MP: 2/2
   195 | D:1      | Reached XP level 3. HP: 29/33 MP: 3/3
   278 | D:1      | Reached skill level 4 in Fighting
   617 | D:2      | Reached skill level 1 in Evocations
   704 | D:2      | Noticed Sigmund
   711 | D:2      | Reached XP level 4. HP: 18/40 MP: 4/4
   715 | D:2      | Slain by Sigmund

Illustrated notes

Levels and vault maps discovered:
D:1:      saegor_arrival_simple_a, layout_rooms,
          chequers_ecumenical_altar_simple, nicolae_shop_vocational
D:2:      kennysheep_six_static_rooms, layout_basic, basic_altar,
          nicolae_wormholes, uniq_robin, uniq_sigmund

Skill      XL: |  1  2  3 |
---------------+----------+-----
Axes           | 3 |  3.7
Fighting       | 4 |  4.2
Evocations     | 1 |  1.3
Throwing       | |  0.7
Armour         | |  3.6
Dodging        | |  0.3
Shields        | |  3.6

Action                     |  1- 3 |  4- 6 || total
---------------------------+-------+-------++-------
  Melee: War axe           |    88 |     5 ||    93
  Throw: Javelin           |     3 |       ||     3
    Use: Scroll            |     1 |       ||     1
 Armour: Scale mail        |    62 |    10 ||    72
  Dodge: Dodged            |    49 |    10 ||    59
  Block: Buckler           |    30 |     1 ||    31
